cohdb
Replays
Latest Replays
All Replays
Popular Replays
Top Player Replays
Match Explorer
How It Works
Community
CoH3 Stats
Reddit
Sign in to upload your games and track your stats! →
Sign in with Steam
Match 42137780
Unlisted
Match 42137780
Overview
Messages
Build Orders
End
Construct Barracks
Riflemen Squad
Riflemen Squad
M1 Mortar Team
Riflemen Squad
Air Support Center
Selects Heavy Weapons
Selects Heavy Weapons
Selects Assault Carriers
Construct Weapon Support Center
Grasshopper Recon Run
P-47 Strafing Run
P-47 Dive Bomb
Construct Medical Station
M3 Assault Carrier
Grenade Package
Selects Exchangeable Parts
Air Supremacy
Grasshopper Recon Run
P-47 Strafing Run
Engineer Squad
M3 Assault Carrier
P-47 Strafing Run
Grasshopper Recon Run
Double Sortie
Improved Aircraft Armor
Grasshopper Recon Run
P-47 Strafing Run
Advanced Air Reconnaissance
homig
Stapleton
kerem
Random_Target
JohnstyPonst
Mace
0
0
Comments
sign in to comment!
No comments posted yet!